 Dungeon Crawl Stone Soup version 0.31.0-11-ge490571c62 (webtiles) character file.

Game seed: 11699411325496009073

533 freelancePsychic the Cutter (level 7, -4/34 (37) HPs)
             Began as a Vine Stalker Brigand on Feb 2, 2024.
             Was a Priest of Jiyva.
             Slain by a wight
             ... wielding a +7 halberd
              (8 damage)
             ... on level 6 of the Dungeon.
             The game lasted 00:06:12 (3647 turns).

freelancePsychic the Cutter (Vine Stalker Brigand)  Turns: 3647, Time: 00:06:13

HP:   -4/34 (37)    AC:  5    Str: 16    XL:     7   Next: 24%
MP:   0/12          EV: 11    Int: 11    God:    Jiyva [***...]
Gold: 176           SH:  0    Dex: 15    Spells: 11/11 levels left

rFire   . . .        a - +2 dagger
rCold   + + +        (no shield)
rNeg    . . .        g - +0 leather armour
rPois   .            k - +0 helmet
rElec   .            c - +0 cloak
rCorr   +            (no gloves)
SInv    .            (no boots)
Will    .....        t - amulet of regeneration
Stlth   +++          (no ring)
HPRegen 2.97/turn    (no ring)
MPRegen 0.69/turn

%: guardian spirit
@: marked, calling ooze, drained
A: fangs 2, regeneration 1, magic shield, antimagic bite, no potion heal 2, cold
resistance 3, engulf
a: Renounce Religion, Oozemancy


You were on level 6 of the Dungeon.
You worshipped Jiyva.
Jiyva was most pleased with you.
You visited 1 branch of the dungeon, and saw 6 of its levels.

You collected 176 gold pieces.

Inventory:

Hand Weapons
 a - a +2 dagger (weapon)
 j - a +1 dagger of flaming
 n - a +2 morningstar of protection
 w - the +7 hand axe of the Hero {freeze, rPois rC+ rCorr Dex+3}
   (You found it on level 6 of the Dungeon)

   Dex+3:     It affects your dexterity (+3).
   rC+:       It protects you from cold.
   rPois:     It protects you from poison rCorr: It protects you from acid and
   corrosion.
Missiles
 d - 8 poisoned darts (quivered)
 e - 3 curare-tipped darts
Armour
 b - a +0 robe
 c - a +0 cloak (worn)
 g - a +0 leather armour (worn)
 k - a +0 helmet (worn)
Jewellery
 t - an amulet of regeneration (around neck)
Wands
 r - a wand of polymorph (4)
Scrolls
 h - a scroll of teleportation {@r4}
 l - a scroll of silence {unknown}
 q - a scroll of vulnerability {unknown}
 s - a scroll of fog {unknown}
 v - 3 scrolls of immolation {unknown}
Potions
 f - a potion of brilliance {unknown}
 i - a potion of degeneration {unknown}
 m - a potion of lignification {unknown}
 o - a potion of attraction {unknown}
 p - a potion of invisibility {unknown}
 u - 2 potions of ambrosia {unknown}


   Skills:
 + Level 3.9 Fighting
 * Level 5.3 Short Blades
 - Level 1.7 Throwing
 - Level 0.7 Dodging
 - Level 4.8 Stealth
 + Level 2.7 Spellcasting


You had 11 spell levels left.
You didn't know any spells.
Your spell library contained the following spells:

 Spells                   Type           Power      Damage    Failure   Level
 Apportation              Tloc           2%         N/A       32%         1
 Necrotise                Necr           4%         1d4       32%         1
 Sting                    Conj/Alch      4%         1d3       32%         1
 Summon Small Mammal      Summ           4%         N/A       32%         1
 Gell's Gravitas          Tloc           1%         N/A       69%         3
 Teleport Other           Tloc           1%         N/A       69%         3
 Dispersal                Tloc           0%         N/A       100%        6


Dungeon Overview and Level Annotations

Branches:
Dungeon (6/15)             Temple (0/1) D:5

Altars:
Elyvilon
Wu Jian
Yredelemnul
Jiyva

Shops:
D:2 [

Annotations:
D:4 3 runed translucent doors, EnlightenedBush's ghost, amateur TrFi; browni3141's ghost, weakling BaMo; soberseth's ghost, amateur DrSh
D:6 exclusion: wight


Innate Abilities, Weirdness & Mutations

You have extremely sharp teeth.
Your natural rate of healing is unusually fast.
When hurt, damage is shared between your health and your magic reserves.
Your bite disrupts and absorbs the magic of your enemies.
Potions cannot restore your health.
Your flesh is almost immune to the effects of cold. (rC+++)
Your melee attacks may engulf your foes in ooze.


Message History

You open the door. You closely miss the hound. Your bite misses the hound.
The hound bites you.
You hit the hound.
You engulf the hound in ooze!
The hound is moderately wounded.
The hound is asphyxiated!
The hound barely misses you.
An orc comes into view. It is wielding a +0 whip.
You hit the hound. You punch the hound, but do no damage.
The hound is severely wounded.
The hound is asphyxiated!
You kill the hound!
An orc wizard comes into view. It is wielding a +0 dagger. x2
There is an open door here.
An orc wizard comes into view. It is wielding a +0 dagger.
The orc wizard gestures wildly while chanting.
The orc wizard flickers and vanishes!
Deactivating autopickup; reactivate with Ctrl-A.
The wight hits you with a +4 halberd of freezing!!
You feel drained. The wight freezes you.
You are too injured to fight recklessly!
You hit the wight but do no damage.
A wight comes into view.
It is wielding a +2 long sword of freezing.
Activating: Oozemancy (10% risk of failure)
Press: ? - help, Dir - look around, f - activate Slime begins to ooze from the nearby walls!
You can no longer turn your foes to slime.
The walls burn the sleepcap!
The walls burn the wight!
You destroy the wight!
The wall burns the wight!
The wight barely misses you.
The orc wizard casts a spell.
The orc wizard flickers and vanishes!
Your life force feels restored.
An adder comes into view.
The walls burn the sleepcap!
The sleepcap closely misses you.
The wall burns the wight!
The wight hits you with a +3 trident!
You feel drained.
An orc wizard comes into view. It is wielding a +0 dagger.
The wight hits you from afar with a +7 halberd!!
* * * LOW HITPOINT WARNING * * *
You feel drained.
You die...

....... ..[..# #........
......# ....####.#......
..###.# ..............o.
..###.#+##.#.#.........#.#
.........#.#.#...........#
.........#.#'#............
.........#........#...... . #
..............###......# .. .#
#####.........'.@f.....+ .> ..#
.........#...###z.....#.#. ....
####.....##+####zzo............
#.##.........S.o..####.!...#
...##............{.#........#
.... #..............#.#..#..##
... #..........###...#..#
....z........###..#
...z.......... ...


You could see a sleepcap, 3 wights, 2 orc wizards, an adder and an orc.

Vanquished Creatures
  Menkaure (D:5)
  A scorpion (D:4)
  A wight (D:6)
  Dowan (D:5)
  2 bombardier beetles
  A hound (D:6)
  An orc priest (D:3)
  Jessica (D:2)
  An orc wizard (D:5)
  3 gnolls (D:5)
  2 adders (D:5)
  3 dart slugs
  A ribbon worm (D:3)
  10 orcs
  4 ball pythons
  3 bats
  5 giant cockroaches
  2 hobgoblins (D:3)
  7 jackals
  5 kobolds
  4 quokkas
  5 goblins
  2 rats (D:1)
66 creatures vanquished.

Vanquished Creatures (others)
  Sigmund (D:2)
  2 jellies
  Natasha (thrice) (D:2)
  2 adders
  A ribbon worm (D:2)
  An orc (D:4)
  A goblin (D:2)
  A hobgoblin (D:2)
  2 ball pythons (D:2)
  A frilled lizard (D:2)
  A rat (D:3)
16 creatures vanquished.

Grand Total: 82 creatures vanquished

Notes
Turn   | Place    | Note
-------+----------+-------------------------------------------
     0 | D:1      | freelancePsychic the Vine Stalker Brigand began the quest
                  | for the Orb.
     0 | D:1      | Reached XP level 1. HP: 11/11 MP: 2/2
   284 | D:1      | Reached skill level 2 in Short Blades
   293 | D:1      | Reached XP level 2. HP: 15/15 MP: 3/3
   652 | D:1      | Found a faded altar of an unknown god.
   655 | D:1      | Prayed at the altar of an unknown god.
   655 | D:1      | Became a worshipper of Jiyva Juamumm the Shapeless
   655 | D:1      | Reached * piety under Jiyva
   846 | D:2      | Noticed Jessica
   855 | D:2      | Killed Jessica
   856 | D:2      | Reached skill level 3 in Short Blades
   856 | D:2      | Reached XP level 3. HP: 19/19 MP: 4/4
  1059 | D:2      | Reached ** piety under Jiyva
  1166 | D:2      | Found Qiez's Armour Boutique.
  1173 | D:2      | Killed Natasha
  1212 | D:2      | Killed Natasha
  1229 | D:2      | Killed Sigmund
  1283 | D:2      | Killed Natasha
  1660 | D:3      | Found a basalt altar of Yredelemnul.
  1701 | D:3      | Reached XP level 4. HP: 23/23 MP: 5/5
  1747 | D:3      | Reached *** piety under Jiyva
  1747 | D:3      | Gained mutation: Your melee attacks may engulf your foes in
                  | ooze. [Jiyva's grace]
  1747 | D:3      | Gained mutation: Your flesh is cold resistant. (rC+)
                  | [Jiyva's grace]
  1747 | D:3      | Gained mutation: Your flesh is very cold resistant. (rC++)
                  | [Jiyva's grace]
  1747 | D:3      | Gained mutation: Your flesh is almost immune to the effects
                  | of cold. (rC+++) [Jiyva's grace]
  2138 | D:3      | Found a white marble altar of Elyvilon.
  2304 | D:4      | Noticed a scorpion
  2306 | D:4      | Killed a scorpion
  2307 | D:4      | Reached skill level 4 in Short Blades
  2307 | D:4      | Reached skill level 1 in Spellcasting
  2307 | D:4      | Reached XP level 5. HP: 28/28 MP: 5/7
  2497 | D:4      | Found a runed translucent gate.
  2497 | D:4      | Found a runed translucent gate.
  2497 | D:4      | Found a runed translucent gate.
  2502 | D:4      | Noticed soberseth's ghost (amateur DrSh)
  2502 | D:4      | Noticed browni3141's ghost (weakling BaMo)
  2503 | D:4      | Noticed EnlightenedBush's ghost (amateur TrFi)
  2556 | D:4      | Reached **** piety under Jiyva
  2996 | D:5      | Entered Level 5 of the Dungeon
  3010 | D:5      | Found a staircase to the Ecumenical Temple.
  3018 | D:5      | Noticed Duvessa
  3044 | D:5      | Reached XP level 6. HP: 32/32 MP: 9/9
  3050 | D:5      | Noticed Dowan
  3056 | D:5      | Slimified Duvessa
  3056 | D:5      | Duvessa changed into Duvessa the endoplasm
  3056 | D:5      | Noticed Duvessa
  3080 | D:5      | Killed Dowan
  3097 | D:5      | Found an ornate altar of the Wu Jian Council.
  3368 | D:5      | Noticed Menkaure
  3378 | D:5      | Killed Menkaure
  3379 | D:5      | Reached skill level 5 in Short Blades
  3379 | D:5      | Reached XP level 7. HP: 37/37 MP: 11/11
  3599 | D:6      | Identified the +7 hand axe of the Hero {freeze, rPois rC+
                  | rCorr Dex+3}
  3647 | D:6      | Slain by a wight

Illustrated notes

Levels and vault maps discovered:
D:1:      nzn_arrival_settlement, layout_loops_ring,
          hellmonk_ecumenical_altar_inner_sanctum
D:2:      layout_loops_corners, serial_shops, shop, uniq_sigmund, uniq_natasha,
          uniq_jessica
D:3:      minmay_angry_zag, layout_loops_ring, kennysheep_ying_yang
D:4:      layout_loops_ring, gammafunk_ghost_cemetery
D:5:      layout_cave_pools, mainiacjoe_overflow_concentric_impassable,
          minmay_temple_entry_waves, kennysheep_flooded_box, uniq_duvessa,
          uniq_menkaure
D:6:      minmay_flawed_box, layout_basic, serial_shops, shop_coins,
          minmay_misc_feat_nine_boxes, uniq_crazy_yiuf_cottage

Skill      XL: |  1  2  3  4  5  6 |
---------------+-------------------+-----
Short Blades   | 2 3 4 5 |  5.3
Fighting       | 2 3 |  3.9
Spellcasting   | 1 2 |  2.7
Throwing       | |  1.7
Dodging        | |  0.7
Stealth        | |  4.8

Action                     |  1- 3 |  4- 6 |  7- 9 || total
---------------------------+-------+-------+-------++-------
  Melee: Dagger            |    38 |   119 |     4 ||   161
         Bite              |     6 |    41 |       ||    47
         Punch             |       |       |     1 ||     1
  Throw: Dart              |     3 |    12 |       ||    15
 Invoke: Slimify           |       |     1 |       ||     1
         Oozemancy         |       |       |     1 ||     1
    Use: Scroll            |       |     1 |       ||     1
   Stab: Sleeping          |    14 |     7 |       ||    21
 Armour: Leather armour    |    12 |    57 |     4 ||    73
  Dodge: Dodged            |     8 |    54 |     3 ||    65
